 Dungeon Crawl Stone Soup version 0.27.1-2-g3b301248ec (webtiles) character file.

Game seed: 13909141706660806447

123380 Elvor the Eclecticist (level 16, -24/100 HPs)
             Began as a Deep Elf Conjurer on Oct 1, 2021.
             Was the Champion of Vehumet.
             Blown up by an orb spider (49 damage)
             ... with an orb of destruction
             ... on level 1 of the Spider Nest on Oct 4, 2021.
             The game lasted 06:08:45 (29877 turns).

Elvor the Eclecticist (Deep Elf Conjurer)          Turns: 29877, Time: 06:08:46

Health: -24/100    AC: 23    Str:  6    XL:     16   Next: 36%
Magic:  8/37       EV: 16    Int: 29    God:    Vehumet [******]
Gold:   853        SH: 12    Dex: 13    Spells: 4/45 levels left

rFire    . . .     SeeInvis .   U - +7 short sword (venom)
rCold    . . .     Faith    .   S - +0 kite shield
rNeg     . . .     Spirit   .   I - +0 acid dragon scales
rPois    .         Reflect  +   E - +2 hat
rElec    .         Harm     .   B - +2 cloak
rCorr    +         Rampage  .   z - +2 pair of gloves
Will     +....                  L - +2 pair of boots
Stlth    ++........             b - amulet of reflection
HPRegen  0.26/turn              v - +4 ring of evasion
MPRegen  0.25/turn              j - +4 ring of protection

@: about to teleport, very slightly contaminated, very slow
A: no striking features
a: Renounce Religion


You were on level 1 of the Spider Nest.
You worshipped Vehumet.
Vehumet was exalted by your worship.
You visited 5 branches of the dungeon, and saw 25 of its levels.
You also visited: Volcano.

You collected 3769 gold pieces.
You spent 2916 gold pieces at shops.

Inventory:

Hand Weapons
 U - a +7 short sword of venom (weapon)
 Y - the +10 dagger of the Ring {holy, Str+3}
   (You found it on level 10 of the Dungeon)

   It has been blessed by the Shining One to cause great damage to the undead
   and demons.
   Str:       It affects your strength (+3).
Missiles
 r - 27 poisoned darts
 u - 36 boomerangs
Armour
 z - a +2 pair of gloves (worn)
 B - a +2 cloak (worn)
 E - a +2 hat (worn)
 I - +0 acid dragon scales (worn)
 L - a +2 pair of boots (worn)
 S - a +0 kite shield (worn)
Jewellery
 b - an amulet of reflection (around neck)
 j - a +4 ring of protection (right hand)
 v - a +4 ring of evasion (left hand)
Wands
 a - a wand of digging (6)
 y - a wand of charming (3)
 A - a wand of polymorph (10)
 N - a wand of mindburst (1)
 Q - a wand of iceblast (4)
Scrolls
 e - 4 scrolls of vulnerability
 f - 2 scrolls of fear
 k - a scroll of torment
 m - 4 scrolls of fog
 n - 9 scrolls of magic mapping
 o - 7 scrolls of teleportation
 q - 6 scrolls of identify
 P - 2 scrolls of blinking
Potions
 d - a potion of magic
 h - 2 potions of resistance
 i - 3 potions of curing
 l - 3 potions of brilliance
 p - 4 potions of cancellation
 t - 2 potions of invisibility
 C - 6 potions of heal wounds
 D - 2 potions of lignification
 J - 4 potions of might
 V - 4 potions of haste
 Z - 4 potions of flight
Miscellaneous
 X - a lightning rod (inert)


   Skills:
 * Level 11.4 Fighting
 + Level 8.2 Short Blades
 + Level 11.5 Throwing
 + Level 5.6 Armour
 + Level 9.8 Dodging
 + Level 7.4 Stealth
 + Level 2.8 Shields
 + Level 15.4 Spellcasting
 + Level 12.8 Conjurations
 + Level 4.0 Translocations
 + Level 7.5 Earth Magic
 + Level 7.8 Evocations


You had 4 spell levels left.
You knew the following spells:

 Your Spells              Type           Power      Damage    Failure   Level
a - Magic Dart            Conj           100%       1d8       1%          1
b - Searing Ray           Conj           100%       3d7       1%          2
c - Apportation           Tloc           90%        N/A       3%          1
d - Vampiric Draining     Necr           11%        2d7       50%         3
e - Iskenderun's Mystic   Conj/Tloc      63%        2d13      1%          4
f - Stone Arrow           Conj/Erth      100%       3d13      1%          3
g - Shatter               Erth           30%        3d25*     100%        9
h - Blink                 Tloc           N/A        N/A       5%          2
i - Petrify               Tmut/Erth      44%        N/A       38%         4
j - Statue Form           Tmut/Erth      29%        N/A       99%         6
k - Iron Shot             Conj/Erth      34%        9d7       12%         6

Your spell library contained the following spells:

 Spells                   Type           Power      Damage    Failure   Level
 Dazzling Flash           Conj/Hex       100%       N/A       1%          3
 Mephitic Cloud           Conj/Pois/Air  47%        N/A       2%          3
 Fulminant Prism          Conj/Hex       28%        3d14      4%          4
 Poisonous Vapours        Pois/Air       44%        N/A       8%          2
 Lesser Beckoning         Tloc           22%        N/A       11%         3
 Ignite Poison            Fire/Tmut/Pois 22%        N/A       16%         3
 Animate Skeleton         Necr           44%        N/A       19%         1
 Beastly Appendage        Tmut           44%        N/A       19%         1
 Corona                   Hex            24%        N/A       19%         1
 Summon Small Mammal      Summ           88%        N/A       19%         1
 Portal Projectile        Hex/Tloc       68%        N/A       26%         3
 Call Imp                 Summ           22%        N/A       28%         2
 Corpse Rot               Necr/Air       N/A        N/A       28%         2
 Ensorcelled Hibernation  Hex/Ice        44%        N/A       28%         2
 Wereblood                Tmut           22%        N/A       28%         2
 Leda's Liquefaction      Hex/Erth       22%        N/A       38%         4
 Call Canine Familiar     Summ           22%        N/A       50%         3
 Ozocubu's Armour         Ice            22%        N/A       50%         3
 Spider Form              Tmut/Pois      11%        N/A       50%         3
 Summon Guardian Golem    Hex/Summ       22%        N/A       50%         3
 Tukima's Dance           Hex            22%        N/A       50%         3
 Animate Dead             Necr           11%        N/A       88%         4
 Bolt of Magma            Conj/Fire/Erth 29%        4d13      9%          5
 Irradiate                Conj/Tmut      28%        3d22      11%         5
 Freezing Cloud           Conj/Ice/Air   23%        6-21      24%         5
 Starburst                Conj/Fire      28%        6d9       45%         6
 Manifold Assault         Tloc           45%        N/A       71%         5
 Borgnjor's Vile Clutch   Necr/Erth      22%        N/A       75%         5
 Summon Forest            Summ/Tloc      17%        N/A       93%         5
 Alistair's Intoxication  Tmut/Pois      14%        N/A       99%         5
 Blade Hands              Tmut           11%        N/A       99%         5
 Metabolic Englaciation   Hex/Ice        11%        N/A       99%         5
 Eringya's Noxious Bog    Tmut/Pois      11%        N/A       99%         6
 Death Channel            Necr           11%        N/A       100%        6
 Invisibility             Hex            11%        N/A       100%        6
 Dragon Form              Tmut           11%        N/A       100%        7
 Ozocubu's Refrigeration  Ice            11%        4d7       100%        7
 Summon Hydra             Summ           11%        N/A       100%        7
 Borgnjor's Revivificati  Necr           11%        N/A       100%        8


Dungeon Overview and Level Annotations

Branches:
Dungeon (15/15)            Temple (1/1) D:5            Lair (6/6) D:8
 Shoals (0/4) Lair:3       Spider (1/4) Lair:4        Slime (0/5) Lair:6
    Orc (2/2) D:10            Elf (0/3) Orc:2        Vaults (0/5) D:13
 Depths (0/5) D:15        Volcano (visited)

Altars:
Ashenzari
Cheibriados
Dithmenos
Elyvilon
Fedhas
Gozag
Hepliaklqana
Kikubaaqudgha
Makhleb
Nemelex Xobeh
Okawaru
Qazlal
Ru
Sif Muna
Trog
Uskayaw
Vehumet
Wu Jian
Xom
Yredelemnul
Zin
The Shining One
Beogh
Jiyva

Shops:
D:5 ?((?   D:6 ?   D:9 [   D:14 *   Orc:2 *![?

Portals:
Hell: Lair:6
Trove: D:10 (give 6 scrolls of fog)


Message History

Press: ? - help, Q - select action, (/) - cycle Shift-Dir - straight line, f - orb of destruction
Aim: an orb of destruction (68% to hit)
You throw a boomerang.
Throw: 36 boomerangs
Press: ? - help, Q - select action, (/) - cycle Shift-Dir - straight line, f/p - orb of destruction
Aim: an orb of destruction (67% to hit)
You throw a boomerang.
The orb of destruction reflects off an invisible shield around you!
A jumping spider comes into view.
The orb spider weaves a glowing orb of energy.
An orb of destruction comes into view.
A jumping spider comes into view.
The jumping spider leaps! x2
Aiming: Iron Shot (dangerous; 12% risk of failure)
Press: ? - help, Q - select action, (/) - cycle Shift-Dir - straight line, f - redback, p - orb of destruction
Aim: a redback (67% to hit)
You miscast Iron Shot.
You are very lightly contaminated with residual magic.
Nothing appears to happen.
The jumping spider hisses angrily.
You hear an angry hiss. x2
The jumping spider leaps!
You block the redback's attack.
The jumping spider leaps! x2
The orb spider spins a strand of pure energy.
Casting: Blink (safe; 5% risk of failure)
Press: ? - help, Q - select action, (/) - cycle Dir - look around, f - activate You blink.
Splash!
You fall into the shallow water.
Moving in this stuff is going to be slow.
You hear an angry hiss. x2
The orb of destruction hits you!!!
* * * LOW HITPOINT WARNING * * *
The jumping spider leaps!
As you read the scroll of teleportation, it crumbles to dust.
You feel strangely unstable.
Okay, then.
As you read the scroll of fog, it crumbles to dust.
The scroll dissolves into smoke.
The orb of destruction hits you!!!
You die...

##........ #≈;....^..
≈......ss) #...)....
######### #....§..
#≈≈≈#≈#≈≈###...ss..
##≈≈...#.≈≈^#....s..
##§§°°§...#..##......
#≈≈§@§°.....$†##.....
#≈≈§§§§..ss†..s....^.
#≈§§§§§..........>...
####.s○..............
##...°.$°.○........
#.....°○?..........
#..........s.......
#≈..................
##.......†..........


You could see 2 orb spiders.

Vanquished Creatures
  Jorgrun (D:15)
  Roxanne (D:14)
  A stone giant (D:15)
  2 dire elephants
  Azrael (D:15)
  The ghost of Stajl the Grappler, a journeyman TrBe of Trog (D:12)
  Fannar (D:11)
  2 boulder beetles
  Harold (D:11)
  11 hydras
  3 ogre magi
  A death knight (D:12)
  2 centaur warriors (D:14)
  17 two-headed ogres
  2 tengu warriors (D:15)
  An orc high priest (Orc:1)
  Urug (Lair:3)
  A hell knight (Volcano)
  5 death yaks
  Nergalle (Orc:1)
  The ghost of Linguinho the Basher, a novice GrFi of Ashenzari (D:8)
  3 skeletal warriors
  A sixfirhy (Lair:6)
  A wizard (Lair:6)
  2 deep trolls (Orc:2)
  Pikel (D:5)
  An orc knight (D:11)
  A deep elf pyromancer (D:13)
  An oklob plant (Lair:1)
  14 ugly things
  10 cyclopes
  An orc sorcerer (D:12)
  A wolf spider (Spider:1)
  2 manticores
  34 elephants
  6 black mambas
  15 cane toads
  A smoke demon (Volcano)
  4 torpor snails
  10 komodo dragons
  A demonic crawler (Lair:4)
  An unseen horror (D:13)
  2 efreet
  7 ice devils
  A rime drake (D:12)
  A hellwing (Lair:6)
  2 red devils
  A tengu conjurer (D:15)
  A meliai (shapeshifter) (D:14)
  2 jumping spiders
  11 trolls
  3 polar bears
  A hornet (shapeshifter) (D:15)
  A hornet (D:11)
  16 blink frogs
  Prince Ribbit (D:5)
  3 slime creatures (D:12)
  2 dream sheep (Lair:6)
  A meliai zombie (D:10)
  7 centaur simulacra
  9 redbacks (Lair:4)
  5 tarantellas
  3 wraiths
  A shadow (D:10)
  A vampire (D:12)
  4 wyverns
  3 fire elementals
  69 yaks
  A spriggan (Lair:2)
  5 hogs
  5 humans (D:6)
  2 steam dragons
  A basilisk (D:14)
  7 vampire mosquitoes
  4 wargs
  2 acid dragons (D:11)
  17 water moccasins
  7 hell hounds
  A meliai simulacrum (D:12)
  20 orc warriors
  5 black bears
  A sky beast (D:5)
  4 necrophages
  29 ogres
  18 wolves
  8 centaurs
  3 phantoms
  5 kobold brigands
  14 bullfrogs
  2 gnoll sergeants
  2 scorpions
  A wyvern zombie (D:7)
  A wyvern skeleton (D:7)
  5 killer bees (D:9)
  5 wights (D:8)
  3 howler monkeys
  A vampire bat (D:6)
  4 centaur zombies
  A hound (D:6)
  A jelly (D:6)
  A centaur skeleton (D:7)
  A gnoll shaman (D:6)
  16 orc priests
  A bullfrog skeleton (D:5)
  4 iguanas
  23 orc wizards
  A spectral howler monkey (D:8)
  A mummy (D:8)
  4 howler monkey zombies
  A howler monkey skeleton (D:6)
  7 adders
  15 gnolls
  2 shadow imps
  2 white imps
  An adder skeleton (D:4)
  2 worms (D:2)
  6 dart slugs
  74 orcs
  5 endoplasms
  4 giant cockroaches
  4 goblins
  3 hobgoblins
  3 jackals (D:2)
  3 quokkas
  9 ball pythons
  9 bats
  2 frilled lizards
  25 kobolds
  4 rats
  A bush (Lair:1)
745 creatures vanquished.

Vanquished Creatures (collateral kills)
  Kirke (Lair:6)
  A hog (Lair:6)
2 creatures vanquished.

Vanquished Creatures (others)
  A hell hound (Lair:6)
  88 fungi
  59 plants
148 creatures vanquished.

Grand Total: 895 creatures vanquished

Notes
Turn   | Place    | Note
-------+----------+-------------------------------------------
     0 | D:1      | Elvor the Deep Elf Conjurer began the quest for the Orb.
     0 | D:1      | Reached XP level 1. HP: 10/10 MP: 6/6
   187 | D:1      | Found a faded altar of an unknown god.
   231 | D:1      | Reached XP level 2. HP: 15/15 MP: 1/8
   238 | D:1      | Learned a level 2 spell: Searing Ray
   506 | D:1      | Reached skill level 5 in Conjurations
   735 | D:2      | Reached XP level 3. HP: 19/19 MP: 5/9
  1356 | D:3      | Reached XP level 4. HP: 24/24 MP: 2/11
  1924 | D:3      | Reached skill level 4 in Spellcasting
  1971 | D:3      | Found a white marble altar of Elyvilon.
  2297 | D:4      | Reached skill level 1 in Fighting
  2297 | D:4      | Reached XP level 5. HP: 18/29 MP: 5/13
  2309 | D:4      | Reached skill level 1 in Short Blades
  2438 | D:4      | Noticed a necrophage
  2659 | D:4      | Killed a necrophage
  2660 | D:4      | Reached skill level 5 in Spellcasting
  2660 | D:4      | Reached XP level 6. HP: 34/34 MP: 8/15
  2922 | D:4      | Learned a level 1 spell: Apportation
  3087 | D:5      | Entered Level 5 of the Dungeon
  3134 | D:5      | Noticed Prince Ribbit
  3144 | D:5      | Killed Prince Ribbit
  3145 | D:5      | Reached XP level 7. HP: 32/40 MP: 9/17
  3169 | D:5      | Found Syzeuck's Weapon Shoppe.
  3238 | D:5      | Noticed Pikel
  3413 | D:5      | Reached skill level 6 in Spellcasting
  3437 | D:5      | Found Couhas's Magic Scroll Boutique.
  3440 | D:5      | Bought a scroll of identify for 20 gold pieces
  3440 | D:5      | Bought a scroll of identify for 20 gold pieces
  3440 | D:5      | Bought a scroll of identify for 20 gold pieces
  3440 | D:5      | Bought a scroll of identify for 20 gold pieces
  3446 | D:5      | Bought a scroll of blinking for 75 gold pieces
  3446 | D:5      | Bought a scroll of fear for 35 gold pieces
  3446 | D:5      | Bought a scroll of magic mapping for 35 gold pieces
  3579 | D:5      | Found Kizele's Antique Weapon Emporium.
  3692 | D:5      | Reached skill level 1 in Throwing
  3692 | D:5      | Reached skill level 1 in Evocations
  3692 | D:5      | Reached XP level 8. HP: 45/45 MP: 20/20
  3719 | D:5      | Reached skill level 7 in Spellcasting
  3823 | D:5      | Found Bebruali's Magic Scroll Shop.
  3936 | D:5      | Killed Pikel
  3977 | D:5      | Found a staircase to the Ecumenical Temple.
  3989 | Temple   | Entered the Ecumenical Temple
  4019 | Temple   | Became a worshipper of Vehumet
  4549 | D:6      | Reached XP level 9. HP: 52/52 MP: 11/22
  4744 | D:6      | Found Yptaoh's Magic Scroll Boutique.
  4781 | D:6      | Bought a scroll of teleportation for 39 gold pieces
  4781 | D:6      | Bought a scroll of identify for 26 gold pieces
  5228 | D:6      | Reached skill level 5 in Evocations
  5228 | D:6      | Reached * piety under Vehumet
  5228 | D:6      | Offered knowledge of Freeze by Vehumet.
  5229 | D:6      | Reached skill level 8 in Spellcasting
  5731 | D:6      | Bought a scroll of identify for 26 gold pieces
  5731 | D:6      | Bought a scroll of identify for 26 gold pieces
  5909 | D:7      | Offered knowledge of Foxfire by Vehumet.
  5918 | D:7      | Reached ** piety under Vehumet
  5919 | D:7      | Reached skill level 5 in Fighting
  6132 | D:7      | Reached skill level 9 in Spellcasting
  6164 | D:7      | Reached XP level 10. HP: 59/59 MP: 16/25
  6267 | D:7      | Found a shadowy altar of Dithmenos.
  6448 | D:7      | Reached skill level 5 in Stealth
  6506 | D:7      | Got the Volume of Black Secrets and Cold
  6598 | D:8      | Found a transporter.
  6600 | D:8      | Noticed Linguinho's ghost (novice GrFi)
  6604 | D:8      | Found a transporter.
  6835 | D:8      | Noticed a two-headed ogre
  7025 | D:8      | Killed a two-headed ogre
  7045 | D:8      | Reached skill level 10 in Spellcasting
  7097 | D:8      | Offered knowledge of Inner Flame by Vehumet.
  7186 | D:8      | Reached *** piety under Vehumet
  7187 | D:8      | Reached skill level 5 in Throwing
  7313 | D:8      | Found a staircase to the Lair.
  7698 | D:8      | Found a burning altar of Makhleb.
  7768 | D:8      | Reached XP level 11. HP: 55/64 MP: 20/27
  7770 | D:8      | Killed Linguinho's ghost
  7770 | D:8      | Offered knowledge of Hailstorm by Vehumet.
  7811 | D:9      | Noticed a two-headed ogre
  7820 | D:9      | Killed a two-headed ogre
  7945 | D:9      | Noticed a two-headed ogre
  7952 | D:9      | Killed a two-headed ogre
  7953 | D:9      | Reached skill level 5 in Dodging
  7978 | D:9      | Found Jucuul's Antique Armour Shoppe.
  8237 | D:9      | Noticed a two-headed ogre
  8253 | D:9      | Killed a two-headed ogre
  8349 | D:9      | Reached skill level 11 in Spellcasting
  8511 | D:9      | Bought a dull robe for 222 gold pieces
  8511 | D:9      | Identified the +1 robe of Sin {Str-5 Int+6 Archmagi} (You
                  | bought it in a shop on level 9 of the Dungeon)
  8514 | D:10     | Entered Level 10 of the Dungeon
  8525 | D:10     | Reached **** piety under Vehumet
  8675 | D:10     | Found a staircase to the Orcish Mines.
  8684 | D:10     | Offered knowledge of Irradiate by Vehumet.
  8884 | D:10     | Noticed a two-headed ogre
  8897 | D:10     | Killed a two-headed ogre
  9184 | D:10     | Found a glowing silver altar of Zin.
  9210 | D:10     | Reached ***** piety under Vehumet
  9427 | D:10     | Identified the +10 dagger of the Ring {holy, Str+3}
  9442 | D:10     | Found a portal to a secret trove of treasure.
  9574 | D:5      | Bought a scroll of fog for 26 gold pieces
  9574 | D:5      | Bought a scroll of enchant armour for 97 gold pieces
  9574 | D:5      | Bought a scroll of magic mapping for 45 gold pieces
  9578 | D:5      | Learned a level 3 spell: Vampiric Draining
  9650 | D:11     | Noticed Fannar
  9700 | D:11     | Noticed a boulder beetle
  9708 | D:11     | Killed a boulder beetle
  9709 | D:11     | Reached skill level 1 in Armour
  9744 | D:11     | Noticed Harold
  9744 | D:11     | Noticed a five-headed hydra
 10114 | D:10     | Reached skill level 5 in Short Blades
 10336 | D:11     | Offered knowledge of Starburst by Vehumet.
 10458 | D:11     | Reached XP level 12. HP: 71/72 MP: 21/29
 10541 | D:11     | Killed Fannar
 10585 | D:11     | Reached skill level 10 in Conjurations
 10610 | D:11     | Noticed a two-headed ogre
 10617 | D:11     | Killed a two-headed ogre
 10618 | D:11     | Reached skill level 1 in Translocations
 10685 | D:11     | Killed Harold
 10853 | D:11     | Killed a five-headed hydra
 10990 | D:11     | Learned a level 4 spell: Iskenderun's Mystic Blast
 11061 | Lair:1   | Entered Level 1 of the Lair of Beasts
 12241 | Lair:2   | Noticed a five-headed hydra
 12449 | Lair:2   | Noticed an eight-headed hydra
 12804 | Lair:1   | Killed a five-headed hydra
 13690 | Lair:1   | Killed an eight-headed hydra
 13770 | Lair:1   | Reached XP level 13. HP: 77/79 MP: 22/30
 14074 | Lair:2   | Reached skill level 12 in Spellcasting
 14112 | Lair:2   | Noticed a dire elephant
 14268 | Lair:1   | HP: 1/79 [dire elephant (26)]
 14270 | Lair:1   | Killed a dire elephant
 16106 | Lair:3   | Found a staircase to the Shoals.
 16442 | Lair:3   | Noticed Urug
 16453 | Lair:3   | Killed Urug
 16727 | Lair:4   | Reached skill level 10 in Throwing
 16984 | Lair:4   | Reached XP level 14. HP: 80/86 MP: 32/32
 17008 | Lair:4   | Found a hole to the Spider Nest.
 17110 | Lair:4   | Learned a level 3 spell: Stone Arrow
 17120 | Lair:4   | Learned a level 9 spell: Shatter
 17581 | Lair:5   | Reached skill level 5 in Armour
 17645 | Lair:5   | Reached skill level 13 in Spellcasting
 18306 | Lair:6   | Entered Level 6 of the Lair of Beasts
 18469 | Lair:6   | Found a dark tunnel.
 18476 | Volcano  | Entered a volcano
 18659 | Volcano  | Reached skill level 1 in Earth Magic
 18971 | Lair:6   | Noticed Kirke
 19278 | Lair:6   | Offered knowledge of Sticky Flame by Vehumet.
 19902 | Lair:6   | Identified a scroll of acquirement
 19903 | Lair:6   | Acquired 707 gold pieces
 19905 | Lair:6   | Found a staircase to the Slime Pits.
 19906 | Lair:6   | Found a viscous altar of Jiyva.
 19922 | Lair:6   | Reached skill level 10 in Fighting
 20952 | Lair:6   | Learned a level 2 spell: Blink
 20966 | Lair:6   | Noticed a sphinx
 21200 | Lair:6   | Killed Kirke
 21201 | Lair:6   | Reached skill level 1 in Shields
 21486 | Lair:6   | Reached XP level 15. HP: 92/92 MP: 27/34
 21507 | Lair:6   | Found a burning altar of Makhleb.
 21990 | Lair:6   | Found a gateway to Hell.
 22534 | D:5      | Bought a scroll of enchant weapon for 75 gold pieces
 22534 | D:5      | Bought a scroll of enchant armour for 75 gold pieces
 22534 | D:5      | Bought a scroll of enchant armour for 75 gold pieces
 22534 | D:5      | Bought a scroll of magic mapping for 35 gold pieces
 22618 | D:5      | Bought a scroll of teleportation for 39 gold pieces
 22618 | D:5      | Bought a scroll of teleportation for 39 gold pieces
 22618 | D:5      | Bought a scroll of teleportation for 39 gold pieces
 22618 | D:5      | Bought a scroll of teleportation for 39 gold pieces
 22618 | D:5      | Bought a scroll of fear for 45 gold pieces
 22618 | D:5      | Bought a scroll of teleportation for 39 gold pieces
 22618 | D:5      | Bought a scroll of holy word for 97 gold pieces
 22618 | D:5      | Bought a scroll of teleportation for 39 gold pieces
 22638 | D:6      | Bought a scroll of blinking for 97 gold pieces
 22638 | D:6      | Bought a scroll of magic mapping for 45 gold pieces
 22816 | Orc:1    | Entered Level 1 of the Orcish Mines
 23037 | Orc:2    | Entered Level 2 of the Orcish Mines
 23059 | Orc:2    | Offered knowledge of Lightning Bolt by Vehumet.
 23266 | Orc:1    | Noticed Nergalle
 23445 | Orc:1    | Reached skill level 14 in Spellcasting
 23810 | Orc:2    | Found a staircase to the Elven Halls.
 24120 | Orc:2    | Found Wunoirch's Armour Shop.
 24254 | Orc:2    | Found Rimil's General Store.
 24267 | Orc:2    | Found Seeryz's Magic Scroll Boutique.
 24271 | Orc:2    | Found Gaothalo's Distillery.
 24273 | Orc:2    | Bought a potion of heal wounds for 75 gold pieces
 24273 | Orc:2    | Bought a scroll of fog for 30 gold pieces
 24281 | Orc:2    | Bought a scroll of blinking for 120 gold pieces
 24281 | Orc:2    | Bought a scroll of magic mapping for 56 gold pieces
 24844 | Orc:1    | Killed Nergalle
 25022 | Orc:2    | Bought a potion of haste for 150 gold pieces
 25022 | Orc:2    | Bought a potion of mutation for 120 gold pieces
 25022 | Orc:2    | Bought a potion of brilliance for 60 gold pieces
 25022 | Orc:2    | Bought a potion of curing for 45 gold pieces
 25022 | Orc:2    | Bought a potion of magic for 120 gold pieces
 25022 | Orc:2    | Bought a potion of haste for 150 gold pieces
 25022 | Orc:2    | Bought a potion of brilliance for 60 gold pieces
 25027 | Orc:2    | Bought a scroll of enchant weapon for 120 gold pieces
 25027 | Orc:2    | Bought a scroll of enchant armour for 120 gold pieces
 25027 | Orc:2    | Bought a scroll of enchant armour for 120 gold pieces
 25260 | D:12     | Reached skill level 5 in Earth Magic
 25391 | D:12     | Found a runed translucent gate.
 25393 | D:12     | Found a runed translucent gate.
 25429 | D:12     | Found a runed translucent gate.
 25770 | D:12     | Noticed Stajl's ghost (journeyman TrBe)
 26107 | D:13     | Found a gate to the Vaults.
 26510 | D:13     | You fall into a shaft and drop 1 floor!
 26787 | D:14     | Reached ****** piety under Vehumet
 26822 | D:14     | Found Ytotheav's General Store.
 26843 | D:14     | Bought a potion of heal wounds for 60 gold pieces
 27096 | D:14     | Noticed Roxanne
 27626 | D:14     | Killed Roxanne
 27635 | D:14     | Learned a level 4 spell: Petrify
 27642 | D:14     | Learned a level 6 spell: Statue Form
 27718 | D:15     | Entered Level 15 of the Dungeon
 27730 | D:15     | Offered knowledge of Iron Shot by Vehumet.
 27963 | D:14     | Learned a level 6 spell: Iron Shot
 28170 | D:15     | Noticed Jorgrun
 28180 | D:15     | Killed Jorgrun
 28181 | D:15     | Reached XP level 16. HP: 76/100 MP: 4/36
 28268 | D:15     | Found a staircase to the Depths.
 28274 | D:15     | Reached skill level 15 in Spellcasting
 28416 | D:15     | Noticed Azrael
 28571 | D:15     | Killed Azrael
 28753 | D:15     | Identified the +1 plate armour "Zosepnao" {Dex+2}
 29068 | D:12     | Killed Stajl's ghost
 29175 | D:12     | Identified the ring of Divine Compulsion {Fire rElec Dex+4
                  | Slay-6}
 29545 | Spider:1 | Entered Level 1 of the Spider Nest
 29877 | Spider:1 | Blown up by an orb spider

Illustrated notes

Levels and vault maps discovered:
D:1:      onia_arrival_pyramid, layout_loops_ring,
          hellmonk_ecumenical_altar_arch_garden, chequers_serial_rivers_room_b,
          amcnicky_mini_pool_small, st_stairs_9, hangedman_decor_growths,
          minmay_tiny_reverse_x
D:2:      layout_loops_ring, minmay_small_reverse_x
D:3:      layout_basic, elyvilon_altar_5
D:4:      layout_basic
D:5:      layout_basic, minmay_temple_entry_hall, serial_shops,
          kennysheep_mini_moat, shop, nicolae_take_the_stairs,
          nicolae_diamond_shop, uniq_prince_ribbit1, uniq_pikel
D:6:      layout_basic, serial_shops, nicolae_square_shop, roderic_batcave,
          minmay_ruffians
D:7:      layout_loops_ring, kennysheep_flooded_box, minmay_chambers_of_fives
D:8:      layout_basic, general_overflow_altar, erik_lair_orcish_takeover,
          gammafunk_ghost_mausoleum, nicolae_wwwww, grunt_decor_clamped
D:9:      layout_roguey, serial_shops, nicolae_stop_n_shop_1
D:10:     layout_gridville, grunt_dithmenos_shadows,
          mainiacjoe_overflow_brackets, kennysheep_orc_monster_closet_entryway,
          enter_trove_6, corexii_mini_fake_secret_closet
D:11:     layout_gridville, uniq_harold, uniq_fannar
D:12:     layout_irregular_city, gammafunk_ghost_icy
D:13:     kennysheep_funnel, layout_loops_cross, david_vaults_2,
          minmay_misc_feat_enclosed, nrook_campfire, lemuel_flamethrower_3
D:14:     layout_irregular_city, serial_shops, shop, minmay_hedge_maze,
          uniq_roxanne
D:15:     grunt_enter_depths_snipers, layout_irregular_city,
          minmay_misc_feat_secret_circle, uniq_jorgrun, uniq_azrael
Temple:   hc_temple_tempest_star
Lair:1:   layout_hall_layers, minmay_lair_oklob_items,
          chequers_serial_rivers_micro_a
Lair:2:   mu_elephants_graveyard, layout_cave_shapes
Lair:3:   layout_chaotic_city, elwin_shoals_entry_rocks, uniq_urug
Lair:4:   layout_long_grid, spider_nest_entry_webs
Lair:5:   layout_cave_pods
Lair:6:   evil_forest, layout_cave_shapes, slime_altar_1, serial_rivers,
          chequers_serial_rivers_small_3, chequers_serial_rivers_large_a,
          chequers_serial_rivers_large_b, chequers_serial_rivers_marsh,
          enter_volcano_2, uniq_kirke
Spider:1: layout_spider_delve
Orc:1:    layout_caves, basic_altar, uniq_nergalle
Orc:2:    st_orc_open, layout_caves

Skill      XL: |  1  2  3  4  5  6  7  8  9 10 11 12 13 14 15 16 |
---------------+-------------------------------------------------+-----
Conjurations   | 5 6 7 8 9 10 11 12 | 12.8
Dodging        | 3 4 6 7 8 9 |  9.8
Spellcasting   | 4 5 6 7 9 10 11 12 13 14 15 | 15.4
Fighting       | 1 2 3 5 6 7 8 9 10 11 | 11.4
Stealth        | 3 4 5 6 7 |  7.4
Short Blades   | 1 2 3 4 5 7 8 |  8.2
Throwing       | 1 3 5 7 9 10 11 | 11.5
Evocations     | 1 4 5 6 7 |  7.8
Armour         | 1 3 4 5 |  5.6
Translocations | 2 3 4 |  4.0
Earth Magic    | 4 6 7 |  7.5
Shields        | 1 2 |  2.8

Action                   |  1- 3 |  4- 6 |  7- 9 | 10-12 | 13-15 | 16-18 || total
-------------------------+-------+-------+-------+-------+-------+-------++-------
Melee: Dagger            |    17 |       |       |       |       |       ||    17
       Short sword       |    11 |    13 |    19 |   196 |   473 |     8 ||   720
Throw: Dart              |       |     4 |    30 |    93 |   141 |    15 ||   283
       Boomerang         |       |       |     2 |    58 |   164 |    35 ||   259
       Throwing net      |       |       |       |     9 |       |       ||     9
 Cast: Magic Dart        |    68 |    62 |    77 |    40 |     3 |       ||   250
       Searing Ray       |     1 |     9 |    33 |    88 |    82 |     5 ||   218
       Apportation       |       |       |       |     5 |       |       ||     5
       Iskenderun's Myst |       |       |       |    18 |    24 |     1 ||    43
       Vampiric Draining |       |       |       |     1 |       |       ||     1
       Stone Arrow       |       |       |       |       |   545 |    43 ||   588
       Blink             |       |       |       |       |    11 |     9 ||    20
       Iron Shot         |       |       |       |       |     4 |    36 ||    40
Evoke: Wand              |       |     2 |    37 |    44 |    41 |    14 ||   138
       Lightning rod     |       |       |       |     2 |     4 |     4 ||    10
  Use: Scroll            |       |     5 |     8 |     9 |    19 |     2 ||    43
       Potion            |       |       |       |     7 |     4 |       ||    11
 Stab: Sleeping          |     1 |       |       |     2 |       |       ||     3
       Paralysed         |       |       |       |     7 |     4 |     1 ||    12
Armor: Robe              |     3 |     1 |    17 |    59 |       |       ||    80
       Leather armour    |       |       |       |    39 |       |       ||    39
       Acid dragon scale |       |       |       |    61 |   390 |    59 ||   510
Dodge: Dodged            |    15 |    11 |    48 |   208 |   595 |    59 ||   936
Block: Kite shield       |       |       |       |       |   331 |    74 ||   405
       Reflection        |       |       |       |       |    10 |     5 ||    15
